AoeStats
← GauchoSupay

Enclosed

506310956Analyzed
1v1 RM · 20d ago on Sep 13, 2026· 44m 13s· 2 players
Game mode
Random Map
Map size
Tiny (2 player)
Population
200
Speed
Normal
Resources
Standard
Victory
Conquest
Starting age
Dark Age
Ending age
Imperial Age
RankedLock teamsTeams togetherTeam positionsShared explorationLock speedFull tech treeHidden civsTurbo modeCheats
Victory
Defeat
🇨🇳 Huns · China
1170
+17
🇦🇷 Tatars · Argentina
1196
-39
江
8:54 Feudal Age
7:09 Loom
9:33 Double-Bit Axe
10:20 Stone Mining
13:45 Fletching
25:37 Castle Age
24:18 Gold Mining
24:58 Scale Barding Armor
25:32 Forging
25:22 Horse Collar
33:40 Gold Shaft Mining
34:40 Heavy Plow
35:37 Bloodlines
35:58 Husbandry
37:59 Wheelbarrow
38:26 Chain Barding Armor
38:42 Iron Casting
39:22 Hand Cart
39:57 Pikeman
44:05 Imperial Age
41:26 Town Watch
43:17 Bow Saw
GauchoSupay
7:45 Loom
10:13 Feudal Age
13:29 Double-Bit Axe
16:53 Fletching
18:17 Padded Archer Armor
21:36 Castle Age
34:24 Fervor
35:17 Crossbowman
43:21 Bodkin Arrow
Connection lost

Rejoining the realm…

Still unreachable

The connection could not be restored.

Session expired

The server has moved on; the page needs a fresh start.